 Dungeon Crawl Stone Soup version 0.27.0-1-g7a089689b8 (webtiles) character file.

Game seed: 18196521658153739600

109 HoaS the Ruffian (level 4, 0/36 HPs)
             Began as a Ghoul Gladiator on July 31, 2021.
             Slain by a scorpion (7 damage)
             ... on level 3 of the Dungeon.
             The game lasted 00:04:45 (1635 turns).

HoaS the Ruffian (Ghoul Gladiator)                  Turns: 1635, Time: 00:04:45

Health: 0/36       AC:  9    Str: 18    XL:     4   Next: 89%
Magic:  3/3        EV:  7    Int:  3    God:
Gold:   81         SH:  0    Dex: 10    Spells: 3/3 levels left

rFire    . . .     SeeInvis .     - Unarmed
rCold    + . .     Faith    .   (no shield)
rNeg     + + +     Spirit   .   a - +0 chain mail
rPois    ∞         Reflect  .   b - +0 helmet
rElec    .         Harm     .   (no cloak)
rCorr    .         Rampage  .   (no gloves)
Will     .....                  (no boots)
Stlth    ..........             (no amulet)
HPRegen  0.00/turn              (no ring)
MPRegen  0.08/turn              (no ring)

@: inhibited regen
A: claws 1, cold resistance 1, negative energy resistance 3, inhibited
regeneration, torment resistance 2
a: no special abilities


You were on level 3 of the Dungeon.
You visited 1 branch of the dungeon, and saw 3 of its levels.

You collected 81 gold pieces.

Inventory:

Missiles
 c - 2 throwing nets (quivered)
Armour
 a - a +0 chain mail (worn)
 b - a +0 helmet (worn)
Potions
 d - 2 potions of ambrosia
 j - a potion of lignification {unknown}
 k - a potion of mutation {unknown}
 m - a potion of haste {unknown}


   Skills:
 - Level 2.1 Fighting
 - Level 1.7 Throwing
 - Level 2.6 Dodging
 + Level 6.0 Unarmed Combat


You had 3 spell levels left.
You didn't know any spells.
Your spell library was empty.

Dungeon Overview and Level Annotations

Branches:
Dungeon (3/15)

Altars:

Shops:
D:1 :**


Innate Abilities, Weirdness & Mutations

You thrive by killing the living.
You are immune to poison.
You have sharp fingernails.
Your flesh is cold resistant. (rC+)
You are immune to negative energy. (rN+++)
You do not regenerate when monsters are visible.
You are immune to unholy pain and torment.


Message History

You hear some strange, mumbled words.
A magic dart appears from out of thin air!
The magic dart hits you but does no damage.
You barely miss something. You closely miss something.
Something hits you but does no damage.
You scratch something but do no damage.
You hear some strange, mumbled words.
A puff of flame appears from out of thin air!
The puff of flame hits you.
You miss something. Something hits you.
You completely miss something. Something hits you but does no damage.
You closely miss something. Something hits you but does no damage.
You miss something.
You hear some strange, mumbled words.
You are confused.
You're too confused to move!
Something hits you.
You miss something. Something hits you but does no damage.
You're too confused to move!
Something hits you but does no damage.
You completely miss something. Something hits you.
You're too confused to move!
You hear some strange, mumbled words.
A magic dart appears from out of thin air!
The magic dart hits you!
You bump into the rock wall.
Something hits you.
* * * LOW HITPOINT WARNING * * *
You bump into the rock wall.
Something hits you.
* * * LOW HITPOINT WARNING * * *
You feel less confused.
You scratch something.
You feel better.
Reactivating autopickup.
You feel a bit more experienced.
Your Unarmed Combat skill increases to level 6!
The scorpion barely misses you.
Things that are here:
a +0 dagger; a +0 robe; an orc corpse You scratch the scorpion but do no damage.
The scorpion barely misses you. x2
You closely miss the scorpion. Your claw misses the scorpion.
The scorpion stings you!
You die...

.######## #.#
'......# ####'##
#......# #.....#
#......# #.....#
#...?..# #.....#
#......# #.....#
#......# #.....#
######.#####.....#
+........oos@...>##
#.#####.##########
.s.# #....# ....o.#
.....!.. ......##
......


You could see a scorpion and 2 orcs.

Vanquished Creatures
  An orc wizard (D:3)
  3 gnolls (D:2)
  An adder skeleton (D:2)
  3 dart slugs
  3 endoplasms
  3 giant cockroaches
  3 goblins
  6 hobgoblins (D:1)
  3 jackals (D:2)
  A quokka (D:1)
  4 ball pythons
  4 bats
  4 frilled lizards
  3 kobolds
  5 rats
47 creatures vanquished.

Notes
Turn   | Place    | Note
-------+----------+-------------------------------------------
     0 | D:1      | HoaS the Ghoul Gladiator began the quest for the Orb.
     0 | D:1      | Reached XP level 1. HP: 17/17 MP: 0/0
    69 | D:1      | Found Ediryng's Book Shoppe.
   103 | D:1      | Reached XP level 2. HP: 24/24 MP: 1/1
   132 | D:1      | Reached skill level 4 in Unarmed Combat
   309 | D:1      | Found Zapaav's General Store.
   325 | D:1      | Reached XP level 3. HP: 28/29 MP: 2/2
   355 | D:1      | Found a faded altar of an unknown god.
   559 | D:1      | Found Qapla's Assorted Antiques.
   917 | D:2      | Reached skill level 5 in Unarmed Combat
   941 | D:2      | Reached XP level 4. HP: 29/36 MP: 3/3
  1600 | D:3      | Noticed a scorpion
  1633 | D:3      | Reached skill level 6 in Unarmed Combat
  1635 | D:3      | Slain by a scorpion

Illustrated notes

Levels and vault maps discovered:
D:1:      lightli_arrival_lavapool, layout_loops_ring, serial_shops,
          nicolae_diamond_shop, nicolae_shop_behind_doors, nicolae_diamond_shop,
          shapermc_ecumenical_altar_pompeii
D:2:      layout_basic, grunt_ministairs_4
D:3:      layout_basic, gammafunk_ghost_nasty_kobolds

Skill      XL: |  1  2  3  4 |
---------------+-------------+-----
Unarmed Combat | 4 5 6 |  6.0
Fighting       | |  2.1
Throwing       | |  1.7
Dodging        | |  2.6

Action                   |  1- 3 |  4- 6 || total
-------------------------+-------+-------++-------
Melee: Unarmed           |    96 |    57 ||   153
       Punch             |     2 |     1 ||     3
Throw: Throwing net      |     2 |       ||     2
  Use: Scroll            |       |     7 ||     7
Armor: Leather armour    |    20 |       ||    20
       Chain mail        |       |    12 ||    12
       Scale mail        |       |     8 ||     8
Dodge: Dodged            |    49 |    18 ||    67
